 Dungeon Crawl Stone Soup version 0.27-a0-1245-g940ed4fa31 (webtiles) character file.

Game seed: 13807536432703302127

198 freelancePsychic the Ruffian (level 5, -3/45 HPs)
             Began as a Ghoul Fighter on June 9, 2021.
             Slain by a hornet zombie (10 damage)
             ... on level 3 of the Dungeon.
             The game lasted 00:04:21 (2771 turns).

freelancePsychic the Ruffian (Ghoul Fighter)        Turns: 2771, Time: 00:04:22

Health: -3/45      AC:  8    Str: 21    XL:     5   Next: 77%
Magic:  4/4        EV:  5    Int:  3    God:
Gold:   155        SH:  9    Dex:  8    Spells: 4/4 levels left

rFire    . . .     SeeInvis .     - Unarmed
rCold    + . .     Faith    .   b - +0 kite shield
rNeg     + + +     Spirit   .   h - +0 chain mail
rPois    ∞         Reflect  .   (no helmet)
rElec    .         Harm     .   (no cloak)
rCorr    .         Rampage  .   (no gloves)
Will     .....                  (no boots)
Stlth    ..........             (no amulet)
HPRegen  0.00/turn              (no ring)
MPRegen  0.09/turn              (no ring)

@: mighty
A: claws 1, cold resistance 1, negative energy resistance 3, inhibited
regeneration, torment resistance 2
a: no special abilities


You were on level 3 of the Dungeon.
You visited 1 branch of the dungeon, and saw 3 of its levels.

You collected 155 gold pieces.

Inventory:

Hand Weapons
 e - a +2 whip of flaming
Armour
 a - a +0 scale mail
 b - a +0 kite shield (worn)
 h - a +0 chain mail (worn)
Scrolls
 d - a scroll of identify {@r1}
Potions
 f - a potion of degeneration {unknown}
 g - 2 potions of heal wounds {@q2}
 i - a potion of lignification {unknown}


   Skills:
 - Level 3.2 Fighting
 - Level 2.6 Armour
 + Level 4.4 Shields
 + Level 4.7 Unarmed Combat


You had 4 spell levels left.
You didn't know any spells.
Your spell library contained the following spells:

 Spells                   Type           Power      Damage    Failure   Level
 Freeze                   Ice            0%         1d3       100%        1
 Frozen Ramparts          Ice            0%         1d2       100%        3
 Ozocubu's Armour         Ice            0%         N/A       100%        3
 Hailstorm                Conj/Ice       0%         3d3       100%        4
 Metabolic Englaciation   Hex/Ice        0%         N/A       100%        5


Dungeon Overview and Level Annotations

Branches:
Dungeon (3/15)

Altars:

Annotations:
D:3 Grinder


Innate Abilities, Weirdness & Mutations

You thrive by killing the living.
You are immune to poison.
You have sharp fingernails.
Your flesh is cold resistant. (rC+)
You are immune to negative energy. (rN+++)
You do not regenerate when monsters are visible.
You are immune to unholy pain and torment.


Message History

The hornet zombie is lightly damaged.
You block the hornet zombie's attack.
You scratch the hornet zombie but do no damage.
The hornet zombie is lightly damaged.
The hornet zombie hits you but does no damage.
You feel very mighty all of a sudden.
You block the hornet zombie's attack. x2
You closely miss the hornet zombie.
The hornet zombie is lightly damaged.
You block the hornet zombie's attack.
You claw the hornet zombie!
The hornet zombie is moderately damaged.
A jackal comes into view.
You block the hornet zombie's attack.
You closely miss the hornet zombie.
The hornet zombie is moderately damaged.
The jackal barks!
The hornet zombie hits you!
The hornet zombie hits you but does no damage.
You scratch the hornet zombie.
The hornet zombie is moderately damaged.
The hornet zombie hits you.
* * * LOW HITPOINT WARNING * * *
You mangle the hornet zombie!!
The hornet zombie is severely damaged.
The hornet zombie hits you.
* * * LOW HITPOINT WARNING * * *
The hornet zombie hits you.
* * * LOW HITPOINT WARNING * * *
Your chain mail prevents you from hitting the hornet zombie.
The hornet zombie is severely damaged.
The hornet zombie hits you but does no damage.
The jackal bites you but does no damage.
The hornet zombie hits you.
* * * LOW HITPOINT WARNING * * *
You barely miss the hornet zombie.
The hornet zombie is severely damaged.
The jackal bites you but does no damage.
You block the jackal's attack. The hornet zombie hits you!
You die...

#.#.... #.######+#
#.#.# ##.#
#!#.####...##
#.#.#........
#(#.#........
#...#........
##### #..#.Z......
.....####...@h..#
#.........#.##...#
#.........#†# ...#
#.........+># ####
#.........#.#
#..........# #
#.......####
.8##.......#
..##.......#


You could see a hornet zombie and a jackal.

Vanquished Creatures
  An orc priest (D:3)
  Terence (D:2)
  Natasha (twice) (D:2 D:1)
  3 adders
  3 dart slugs
  4 orcs (D:3)
  2 ball pythons (D:2)
  5 bats
  3 endoplasms
  A giant cockroach (D:2)
  A hobgoblin (D:1)
  4 jackals
  6 kobolds
  A quokka (D:1)
  14 frilled lizards
  6 goblins
  7 rats
64 creatures vanquished.

Notes
Turn   | Place    | Note
-------+----------+-------------------------------------------
     0 | D:1      | freelancePsychic the Ghoul Fighter began the quest for the
                  | Orb.
     0 | D:1      | Reached XP level 1. HP: 19/19 MP: 0/0
   113 | D:1      | Reached XP level 2. HP: 15/26 MP: 1/1
  1186 | D:2      | Reached XP level 3. HP: 31/31 MP: 2/2
  1286 | D:2      | Noticed Natasha
  1299 | D:2      | Killed Natasha
  1300 | D:2      | Reached XP level 4. HP: 6/38 MP: 3/3
  1588 | D:2      | Noticed Natasha
  1719 | D:2      | Noticed Terence
  1728 | D:2      | Killed Terence
  1894 | D:1      | Killed Natasha
  1895 | D:1      | Reached XP level 5. HP: 13/45 MP: 4/4
  2537 | D:3      | Noticed Grinder
  2557 | D:3      | Paralysed by Grinder for 5 turns
  2691 | D:3      | Noticed a water moccasin
  2771 | D:3      | Slain by a hornet zombie

Illustrated notes

Levels and vault maps discovered:
D:1:      lightli_arrival_chessboard, layout_basic,
          chequers_serial_rivers_marsh, minmay_lizard_pond
D:2:      layout_rooms, uniq_natasha, uniq_terence
D:3:      layout_basic, nicolae_overflow_hidden_temple,
          gammafunk_ghost_nasty_kobolds, minmay_misc_feat_alley,
          corexii_leaking_fountain, uniq_grinder

Skill      XL: |  1  2  3  4 |
---------------+-------------+-----
Shields        | 3 4 |  4.4
Unarmed Combat | 3 4 |  4.7
Fighting       | |  3.2
Armour         | |  2.6

Action                   |  1- 3 |  4- 6 || total
-------------------------+-------+-------++-------
Melee: Unarmed           |   133 |   111 ||   244
  Use: Potion            |       |     2 ||     2
       Scroll            |       |     1 ||     1
Armor: Scale mail        |    73 |    18 ||    91
       Chain mail        |       |    19 ||    19
Dodge: Dodged            |    69 |    22 ||    91
Block: Kite shield       |    99 |    55 ||   154

Table legend: (Time is in decaauts)
 A = Elapsed time spent in this place.
 B = Non-inter-level travel time spent in this place.
 C = Inter-level travel time spent in this place.
 D = Time resting spent in this place.
 E = Time spent auto-exploring this place.
 F = Levels seen in this place.
 G = Mean time per level.
                   A        B        C        D        E       F      G
               +--------+--------+--------+--------+--------+-----+--------+
         Total |   2824 |   2746 |     78 |    816 |   1431 |   3 |  941.3 |
       Dungeon |   2824 |   2746 |     78 |    816 |   1431 |   3 |  941.3 |
               +--------+--------+--------+--------+--------+-----+--------+

Top non-repeatable levels by time:
     D:1: 1446 daAuts
     D:2: 1156 daAuts
     D:3: 222 daAuts
